 Dungeon Crawl Stone Soup version 0.17.1-3-g152610e (webtiles) character file.

382 Crag the Insei (level 6, -12/43 HPs)
             Began as an Octopode Monk on Mar 23, 2016.
             Was a Believer of Sif Muna.
             Mangled by Prince Ribbit (16 damage)
             ... on level 5 of the Dungeon.
             The game lasted 00:15:21 (3621 turns).

Crag the Insei (Octopode Monk)                      Turns: 3621, Time: 00:15:21

Health: -12/43     AC:  1    Str: 12    XL:     6   Next: 76%
Magic:  11/11      EV: 13    Int: 13    God:    Sif Muna [**....]
Gold:   117        SH:  0    Dex: 14    Spells: 1 memorised, 11 levels left

rFire  . . .     SeeInvis .       - Unarmed
rCold  . . .     Clarity  .     (no shield)
rNeg   . . .     SustAt   .     (helmet restricted)
rPois  .         Gourm    .     s - amulet of resist corrosion
rElec  .         Spirit   .     (no ring)
rCorr  +         Warding  .     (no ring)
rMut   .         Stasis   .     (no ring)
MR     .....                    (no ring)
Stlth  +++.......               (no ring)
                                (no ring)
                                (no ring)
                                (no ring)

@: about to teleport, not resistant to hostile enchantments, fairly stealthy
A: almost no armour, amphibious, 8 rings, constrict 8, camouflage 1, gelatinous
body 1
a: Channel Energy, Forget Spell, Renounce Religion


You were on level 5 of the Dungeon.
You worshipped Sif Muna.
Sif Muna was pleased with you.
You were not hungry.

You visited 1 branch of the dungeon, and saw 5 of its levels.

You collected 117 gold pieces.

Inventory:

Hand Weapons
 b - a +3 dagger
 c - a +1 spear of venom
Missiles
 d - 28 poisoned needles
Jewellery
 s - an amulet of resist corrosion (around mantle)
Wands
 t - a wand of random effects (27)
Scrolls
 g - a scroll of immolation {unknown}
 h - a scroll of recharging {unknown}
 i - a scroll of blinking {unknown}
 k - a scroll of fog
 n - a scroll of identify
 p - 2 scrolls of random uselessness {unknown}
Potions
 e - a potion of poison {unknown}
 r - a potion of haste {unknown}
 v - a potion of brilliance {unknown}
 w - a potion of mutation {unknown}
 z - a potion of agility {unknown}
Books
 x - a book of Necromancy

   Spells                             Type                      Level
   a - Pain                           Necromancy                   1
   b - Animate Skeleton               Necromancy                   1
   c - Vampiric Draining              Necromancy                   3
   d - Regeneration                   Charms/Necromancy            3
   e - Animate Dead                   Necromancy                   4
   f - Control Undead                 Necromancy                   4
Comestibles
 a - 3 bread rations
 f - 3 meat rations
 j - a royal jelly
 m - 3 fruits
 q - a beef jerky
 u - a slice of pizza


   Skills:
 - Level 4.0 Fighting
 - Level 3.0 Dodging
 - Level 2.6 Stealth
 - Level 5.0 Unarmed Combat
 - Level 3.7 Spellcasting
 + Level 2.8 Necromancy


You had 11 spell levels left.
You knew the following spells:

 Your Spells              Type           Power        Failure   Level  Hunger
a - Pain                  Necr           #...         10%         1    #......


Dungeon Overview and Level Annotations

Branches:
Dungeon (5/15)             Temple (0/1) D:4

Altars:
Elyvilon
Gozag
Sif Muna
Trog

Shops:
D:4 (

Annotations:
D:3 Gargoyl's ghost, amateur DsAK
D:4 Robin; Sigmund
D:5 Heliophagus's ghost, novice GrEE; Prince Ribbit


Innate Abilities, Weirdness & Mutations

You cannot wear most types of armour.
You are amphibious.
You can wear up to eight rings at the same time.
You can use your tentacles to constrict eight enemies at once.
Your skin changes colour to match your surroundings (Stealth).
Your rubbery body absorbs attacks (AC +1).


Message History

You tentacle-slap the orc but do no damage.
You squeeze the orc.
You kill the orc!
Prince Ribbit comes into view.
An adder comes into view.
The adder moves out of view.
Found 26 bolts.
The helpless Prince Ribbit fails to defend himself.
You tentacle-slap Prince Ribbit. Your grab misses Prince Ribbit.
Your squeeze misses Prince Ribbit.
Prince Ribbit is lightly wounded.
Prince Ribbit hits you. Prince Ribbit hits you!
Drink which item? (? for menu, Esc to quit)
You feel better. Prince Ribbit hits you!!
* * * LOW HITPOINT WARNING * * *
Read which item? (? for menu, Esc to quit)
As you read the scroll of teleportation, it crumbles to dust.
You feel strangely unstable. Prince Ribbit closely misses you.
Prince Ribbit hits you!
You die...

#####.# #.#
....#.# ###.#####
......###.......#
.......))...###.#
###...####### #.#
##%....# #.#
......## #.#
....W## #.###
####.# #.@F# #.#
###.# ##'## .#
##...## .#
##.....## ..
#.......# ..
.........# .(.
.........+ ...
.........#


You could see Prince Ribbit.

Vanquished Creatures
  A centaur (D:5)
  3 orc priests
  An orc wizard (D:4)
  An iguana (D:4)
  A worker ant (D:4)
  5 adders
  2 oozes
  A worm (D:2)
  2 giant geckos
  6 orcs
  2 giant cockroaches
  11 goblins
  9 hobgoblins
  5 jackals
  2 quokkas
  9 bats
  A giant newt (D:3)
  13 kobolds
  8 rats
83 creatures vanquished.

Vanquished Creatures (others)
  A plant (D:1)
1 creature vanquished.

Grand Total: 84 creatures vanquished

Notes
Turn   | Place    | Note
--------------------------------------------------------------
     0 | D:1      | Crag the Octopode Monk began the quest for the Orb.
     0 | D:1      | Reached XP level 1. HP: 16/16 MP: 1/1
   216 | D:1      | Reached XP level 2. HP: 21/21 MP: 2/2
   724 | D:1      | Reached XP level 3. HP: 26/26 MP: 3/3
   837 | D:1      | Reached skill level 5 in Unarmed Combat
  1543 | D:2      | Reached XP level 4. HP: 30/33 MP: 4/4
  1558 | D:2      | Found an opulent altar of Gozag.
  2018 | D:2      | Found a deep blue altar of Sif Muna.
  2021 | D:2      | Became a worshipper of Sif Muna the Loreminder
  2021 | D:2      | Reached * piety under Sif Muna
  2021 | D:2      | Reached ** piety under Sif Muna
  2137 | D:2      | Reached skill level 1 in Spellcasting
  2640 | D:3      | Found a bloodstained altar of Trog.
  2697 | D:3      | Reached XP level 5. HP: 29/37 MP: 7/7
  2793 | D:3      | Noticed Gargoyl's ghost (amateur DsAK)
  2823 | D:4      | Found a white marble altar of Elyvilon.
  2933 | D:4      | Found a staircase to the Ecumenical Temple.
  2944 | D:4      | Found Laot's Weapon Shoppe.
  3030 | D:4      | Reached XP level 6. HP: 22/43 MP: 9/11
  3104 | D:4      | Noticed Sigmund
  3133 | D:4      | Noticed Robin
  3160 | D:5      | Entered Level 5 of the Dungeon
  3173 | D:5      | Learned a level 1 spell: Pain
  3583 | D:5      | Noticed Heliophagus's ghost (novice GrEE)
  3617 | D:5      | Noticed Prince Ribbit
  3621 | D:5      | Mangled by Prince Ribbit

Action                   |  1- 3 |  4- 6 || total
-------------------------+-------+-------++-------
Melee: Unarmed           |    86 |   113 ||   199
 Cast: Pain              |       |     3 ||     3
Evoke: Wand              |       |     1 ||     1
  Use: Scroll            |       |     8 ||     8
       Potion            |       |     4 ||     4
 Stab: Sleeping          |     9 |     5 ||    14
  Eat: Chunk             |     2 |     6 ||     8
